 Dungeon Crawl Stone Soup version 0.16-a0-3115-g4870798 (webtiles) character file.

221 Pikaro the Conjurer (level 5, -8/28 HPs)
             Began as a Deep Elf Conjurer on Dec 13, 2014.
             Mangled by an ogre
             ... wielding a +0 giant club
              (21 damage)
             ... on level 4 of the Dungeon.
             The game lasted 00:10:49 (4026 turns).

Pikaro the Conjurer (Deep Elf Conjurer)             Turns: 4026, Time: 00:10:49

Health: -8/28      AC:  5    Str:  5    XL:     5   Next: 65%
Magic:  2/16       EV: 12    Int: 23    God:
Gold:   115        SH:  0    Dex: 15    Spells: 3 memorised, 0 levels left

rFire  . . .     SeeInvis .     (no weapon)
rCold  + . .     Clarity  .     p - +0 leather armour "Kywn" {rC+ Int+2}
rNeg   . . .     SustAb   .     (no shield)
rPois  .         Gourm    .     l - +1 helmet
rElec  .         Spirit   .     (no cloak)
rCorr  .         Warding  .     (no gloves)
rMut   .         Stasis   .     (no boots)
MR     .....                    (no amulet)
Stlth  ++........               (no ring)
                                m - ring of flight {+Fly, !d}

@: not resistant to hostile enchantments, unstealthy
A: no striking features
a: Evoke Flight


You were on level 4 of the Dungeon.
You were hungry.

You visited 1 branch of the dungeon, and saw 4 of its levels.

You collected 115 gold pieces.

Inventory:

Armour
 l - a +1 helmet (worn)
   (You took it off Robin on level 3 of the Dungeon)
 p - the +0 leather armour "Kywn" (worn) {rC+ Int+2}
   (You found it on level 4 of the Dungeon)

   It affects your intelligence (+2).
   It protects you from cold.
Jewellery
 m - a ring of flight (left hand) {+Fly, !d}
   (You found it on level 3 of the Dungeon)
Scrolls
 k - 2 scrolls of blinking {!r}
Potions
 e - a potion of mutation {unknown}
 g - a potion of lignification {!q}
 h - a potion of heal wounds {unknown}
 j - a potion of agility {unknown}
 o - a potion of berserk rage {unknown}
Books
 c - a book of Conjurations
Comestibles
 a - a meat ration {@e2}
 b - 2 bread rations {@e1}
 d - 2 chunks of flesh {@w0}
 f - a slice of pizza
 i - 4 fruits


   Skills:
 - Level 2.4 Dodging
 - Level 2.4 Stealth
 - Level 3.0 Spellcasting
 + Level 7.6 Conjurations


You couldn't memorise any spells.
You knew the following spells:

 Your Spells              Type           Power        Failure   Level  Hunger
a - Magic Dart            Conj           ####         1%          1    None
b - Iskenderun's Mystic   Conj           #####...     8%          4    ####...
t - Iskenderun's Battles  Conj/Chrm      ###.....     71%         5    ######.


Dungeon Overview and Level Annotations

Branches:
Dungeon (4/15)
 Temple: D:4-7

Altars:
Ashenzari
Zin

Shops:
D:3 *

Annotations:
D:2 Sigmund


Message History

You start putting on your armour.
You continue putting on your distressingly furry leather armour. x5
You finish putting on the +0 leather armour "Kywn" {rC+ Int+2}.
Drop what? (_ for help) (? for menu, Esc to quit)
You drop a +0 leather armour.
Things that are here:
a dagger; a goblin corpse You butcher the goblin corpse.
d - 2 chunks of flesh {@w0} (gained 1)
You see here a dagger.
The giant frog skeleton is too close now for your liking.
There is an escape hatch in the ceiling here.
The magic dart hits the giant frog skeleton.
You now have 15/16 mp.
The magic dart hits the giant frog skeleton.
You now have 14/16 mp.
The magic dart hits the giant frog skeleton.
You now have 13/16 mp.
The magic dart hits the giant frog skeleton.
The giant frog skeleton hits you but does no damage.
You now have 12/16 mp.
The magic dart hits the giant frog skeleton.
The giant frog skeleton hits you!
You take 7 damage, and have 21/28 hp.
MASSIVE DAMAGE!!
You now have 11/16 mp.
The orb of energy hits the giant frog skeleton.
You destroy the giant frog skeleton!
You now have 7/16 mp.
You start resting.
You regained 3 mp, and now have 10/16 mp.
The magic dart hits the hobgoblin.
The magic dart hits the hobgoblin.
You kill the hobgoblin!
You now have 9/16 mp.
Things that are here:
a club; a hobgoblin corpse You butcher the hobgoblin corpse.
d - 5 chunks of flesh {@w0} (gained 3)
Things that are here:
a club; a hobgoblin skeleton You start resting.
Health restored: 28; MP restored: 16 You see here a +0 leather armour.
Some of the chunks of flesh in your inventory have rotted away.
A giant cockroach comes into view.
The magic dart hits the giant cockroach.
You now have 15/16 mp.
The magic dart hits the giant cockroach.
You now have 14/16 mp.
The magic dart hits the giant cockroach.
You kill the giant cockroach!
You now have 13/16 mp.
No target in view!
You start resting.
MP restored: 16 An ogre comes into view.
It is wielding a giant club.
Spoiler Alert: The ogre (sleeping) can hit for high damage in melee!
The magic dart hits the ogre.
The ogre shouts!
You now have 15/16 mp.
Spoiler Alert: The ogre can hit for high damage in melee!
The orb of energy hits the ogre.
You are feeling hungry.
You now have 11/16 mp.
The orb of energy hits the ogre.
You now have 7/16 mp.
You miscast Iskenderun's Mystic Blast.
You are very lightly contaminated with residual magic.
Sparks fly from your hands!
You now have 3/16 mp.
Spoiler Alert: The ogre can hit for high damage in melee!
You don't have enough magic to cast that spell.
Some of the chunks of flesh in your inventory have rotted away.
The orb of energy misses the ogre.
You are feeling very hungry.
The ogre hits you with a giant club.
You take 4 damage, and have 24/28 hp.
You now have 0/16 mp.
Spoiler Alert: The ogre can hit for high damage in melee!
You see here 17 stones.
Eating one of 3 chunks of flesh {@w0}.
The ogre barely misses you. The ogre hits you with a giant club!
Ouch! That really hurt!
* * * LOW HITPOINT WARNING * * *
You take 17 damage, and have 7/28 hp.
MASSIVE DAMAGE!!
Spoiler Alert: The ogre can hit for high damage in melee!
There is a shattered altar of Ashenzari here.
Your magical contamination has completely faded away.
The orb of energy hits the ogre.
The orb of energy explodes!
The ogre barely misses you.
You now have 0/16 mp.
There is an escape hatch in the ceiling here.
Spoiler Alert: The ogre can hit for high damage in melee!
You are feeling hungry.
There is a stone staircase leading up, spattered with blood here.
The orb of energy misses the ogre.
The ogre hits you with a giant club!!
Ouch! That really hurt!
You die...

#..####..####.#####.#
#...###..####.# #.#
#####....##.<.....# #.####
.........##.###########....##
...###...##).....###.#..##..#
_#####...........#..........#
...###.#.###<.........#..#..#
.........# #...O......#..#.##
##.##.##.###....@..#..#..#.#
#.......##........#..####.#
####.#####.....#..#..#..#.#
#.#####.....#..####..#.#
#.#...#..#..#..#..#..#.#
#####.#.#.#.)#..####..##...#
........#.#..#..#..#..#....#
##......#....####..##....###
#...#######.#..#..#..(..#


You could see an ogre.

Vanquished Creatures
  A hound (D:3)
  A giant frog skeleton (D:4)
  A worker ant (D:4)
  Robin (D:3)
  4 adders
  A giant gecko (D:1)
  2 ball pythons
  11 bats
  2 bat skeletons
  7 giant cockroaches
  18 goblins
  13 hobgoblins
  4 jackals
  5 quokkas
  2 giant newts
  6 kobolds
  8 rats
87 creatures vanquished.

Notes
Turn   | Place    | Note
--------------------------------------------------------------
     0 | D:1      | Pikaro, the Deep Elf Conjurer, began the quest for the Orb.
     0 | D:1      | Reached XP level 1. HP: 10/10 MP: 5/5
   218 | D:1      | Reached XP level 2. HP: 15/15 MP: 6/8
   328 | D:1      | Reached skill level 5 in Conjurations
   865 | D:1      | Reached XP level 3. HP: 19/19 MP: 5/10
  1902 | D:2      | Noticed Sigmund
  1921 | D:2      | HP: 3/19 [Sigmund/magic dart (4)]
  2187 | D:3      | Reached skill level 6 in Conjurations
  2338 | D:3      | Reached XP level 4. HP: 24/24 MP: 6/13
  2344 | D:3      | Learned a level 4 spell: Iskenderun's Mystic Blast
  2491 | D:3      | Noticed Robin
  2548 | D:4      | Found a shattered altar of Ashenzari.
  2553 | D:4      | HP: 5/24 [hound (4)]
  2558 | D:3      | HP: 3/24 [hound (2)]
  2726 | D:3      | Found a glowing silver altar of Zin.
  2727 | D:3      | Found Zin's Purification Station.
  2895 | D:3      | Killed Robin
  2895 | D:3      | Reached skill level 7 in Conjurations
  2895 | D:3      | Reached XP level 5. HP: 24/28 MP: 0/16
  3070 | D:3      | Learned a level 5 spell: Iskenderun's Battlesphere
  3345 | D:3      | Found Zin's Purification Station.
  3361 | D:3      | Found a glowing silver altar of Zin.
  3739 | D:4      | Got a distressingly furry leather armour
  3750 | D:4      | Identified the +0 leather armour "Kywn" {rC+ Int+2} (You found it on level 4 of the Dungeon)
  3950 | D:4      | Noticed an ogre
  3967 | D:4      | HP: 7/28 [ogre/giant club (17)]
  4026 | D:4      | Mangled by an ogre

Action                   |  1- 3 |  4- 6 || total
-------------------------+-------+-------++-------
Melee: Unarmed           |       |     7 ||     7
 Cast: Magic Dart        |    91 |    76 ||   167
       Iskenderun's Myst |       |    12 ||    12
  Use: Scroll            |     5 |     3 ||     8
       Potion            |       |     2 ||     2
  Eat: Chunk             |     4 |     7 ||    11

Vault maps used:
D:1:      minmay_arrival_jagged
D:2:      first_bread, uniq_sigmund, uniq_iyjb
D:3:      zin_purify, uniq_robin
D:4:      minmay_temple_entry_trees, st_stairs_14, grunt_decor_mini_mirrors,
          minmay_misc_feat_chi, hangedman_abyss_or_decor_stagger,
          cheibrodos_ashenzari_chains, uniq_blork_the_orc

Table legend:
 A = Turns spent in this place as a percentage of turns spent in the entire game.
 B = Non-inter-level travel turns spent in this place as a percentage of non-inter-level travel turns spent in the entire game.
 C = Inter-level travel turns spent in this place as a percentage of turns spent in this place.
 D = Turns resting spent in this place as a percentage of non-inter-level travel turns spent in this place.
 E = Turns spent auto-exploring this place as a percentage of non-inter-level travel turns spent in this place.
 F = Non-inter-level travel turns spent in this place divided by the number of levels of this place that you've seen.
                   A       B       C       D       E      F
               +-------+-------+-------+-------+-------+----------------------
         Total | 100.0 | 100.0 |   0.2 |  15.6 |  12.5 | 213.5
       Dungeon | 100.0 | 100.0 |   0.2 |  15.6 |  12.5 | 213.5
               +-------+-------+-------+-------+-------+----------------------

Table legend:
 A = Kills in this place as a percentage of kills in entire the game.
 B = Kills by you in this place as a percentage of kills by you in the entire game.
 C = Kills by friends in this place as a percentage of kills by friends in the entire game.
 D = Other kills in this place as a percentage of other kills in the entire game.
 E = Experience gained in this place as a percentage of experience gained in the entire game.
 F = Experience gained in this place divided by the number of levels of this place that you have seen.
                   A       B       C       D       E      F
               +-------+-------+-------+-------+-------+----------------------
         Total | 100.0 | 100.0 |  -nan |  -nan | 100.0 |  79.2
       Dungeon | 100.0 | 100.0 |  -nan |  -nan | 100.0 |  79.2
               +-------+-------+-------+-------+-------+----------------------
